 Dungeon Crawl Stone Soup version 0.29-a0-878-g7b45a56547 (webtiles) character file.

Game seed: 52995757234854293

2081 Locuples the Carver (level 9, 0/80 HPs)
             Began as a Minotaur Berserker on July 20, 2022.
             Was a High Priest of Trog.
             Slain by grizmgrazm2's ghost (5 damage)
             ... on level 6 of the Dungeon.
             The game lasted 00:14:03 (8743 turns).

Locuples the Carver (Minotaur Berserker)            Turns: 8743, Time: 00:14:04

Health: 0/80       AC:  6    Str: 26    XL:     9   Next: 6%
Magic:  8/8        EV: 11    Int:  4    God:    Trog [*****.]
Gold:   243        SH:  0    Dex: 10    Spells: 8/8 levels left

rFire   + . .      SeeInvis +   a - +0 falchion
rCold   + . .      Faith    +   (no shield)
rNeg    . . .      Spirit   .   o - +0 ring mail
rPois   +          Reflect  .   (helmet restricted)
rElec   +          Harm     .   (no cloak)
rCorr   +          Rampage  .   (no gloves)
Will    .....                   (no boots)
Stlth   ..........              j - amulet of faith
HPRegen 0.23/turn               u - ring of see invisible
MPRegen 0.11/turn               (no ring)

@: mighty, lethally poisoned (0 -> -3), resistant, on berserk cooldown, slowed,
very slow
A: horns 2, retaliatory headbutt
a: Renounce Religion, Berserk, Trog's Hand, Brothers in Arms


You were on level 6 of the Dungeon.
You worshipped Trog.
Trog was extremely pleased with you.
You visited 1 branch of the dungeon, and saw 6 of its levels.

You collected 243 gold pieces.

Inventory:

Hand Weapons
 a - a +0 falchion (weapon)
Missiles
 t - 2 throwing nets (quivered)
Armour
 m - a +0 leather armour
 o - a +0 ring mail (worn)
Jewellery
 j - an amulet of faith (around neck)
 u - a ring of see invisible (left hand)
Wands
 h - a wand of flame (25)
 q - a wand of mindburst (14)
 z - a wand of iceblast (8)
Scrolls
 d - a scroll of teleportation
 k - a scroll of vulnerability {unknown}
 n - a scroll of fear {unknown}
 r - 2 scrolls of enchant armour
 w - a scroll of amnesia {unknown}
 y - a scroll of poison {unknown}
Potions
 b - a potion of invisibility {unknown}
 c - a potion of haste {unknown}
 e - 2 potions of might
 f - a potion of lignification
 g - 2 potions of attraction {unknown}
 l - 2 potions of flight
 p - a potion of curing {unknown}
 s - a potion of magic {unknown}
 v - a potion of cancellation {unknown}


   Skills:
 + Level 7.7 Fighting
 + Level 10.5 Long Blades
 + Level 8.1 Armour
 - Level 2.1 Dodging


You had 8 spell levels left.
You didn't know any spells.
Your spell library was empty.

Dungeon Overview and Level Annotations

Branches:
Dungeon (6/15)             Temple (0/1) D:6

Altars:
Ashenzari
Kikubaaqudgha
Ru
Xom

Shops:
D:4 *

Annotations:
D:6 1 transporter, grizmgrazm2's ghost, novice OgTm


Innate Abilities, Weirdness & Mutations

You have a pair of horns on your head.
You reflexively headbutt those who attack you in melee.


Message History

You closely miss grizmgrazm2's ghost.
Grizmgrazm2's ghost is heavily damaged.
You feel sick.
Grizmgrazm2's ghost's toxic aura wanes.
Grizmgrazm2's ghost gestures wildly while chanting.
Grizmgrazm2's ghost begins to radiate toxic energy.
The necrophage hits you.
You slash grizmgrazm2's ghost!
Your headbutt misses grizmgrazm2's ghost.
Grizmgrazm2's ghost is heavily damaged.
The cyclops hits you!!
You slash grizmgrazm2's ghost!
Grizmgrazm2's ghost is severely damaged.
You feel sick.
You are more poisoned.
Grizmgrazm2's ghost hits you. The necrophage barely misses you.
You furiously retaliate!
You headbutt the necrophage! You slice the necrophage!!
You destroy the necrophage!
Trog accepts your kill.
You feel sick. The cyclops hits you.
You hit the cyclops.
The cyclops is moderately wounded.
You feel sick. Grizmgrazm2's ghost hits you.
You hit the cyclops. You headbutt the cyclops!
The cyclops is heavily wounded.
You feel sick.
You hit the cyclops but do no damage.
The cyclops is heavily wounded.
Grizmgrazm2's ghost hits you.
* * * LOW HITPOINT WARNING * * *
The cyclops hits you!!
* * * LOW HITPOINT WARNING * * *
You are too berserk!
You hit grizmgrazm2's ghost.
Grizmgrazm2's ghost is severely damaged.
You feel sick.
You are no longer berserk.
You are exhausted.
You feel yourself slow down.
You feel sick. Grizmgrazm2's ghost hits you.
You die...

#..#.#......###.#### #...
#..#.#.!....# #....# #...
#...........####.#.############..
#..........................))))..
#.........))......©.......#######
#..#.....##.).#########...#
#..########..##8.....8##..#
#............#©........#..#
##.########..#..@WC....#..# ##.#
#..#.........#..# ...#
#..#....©....#..# ########
#..#.........#..# .......#
#..#.........#..# ### .......#
#..#.........#..#####..
.......####..##8.$!$.8##..##..'..
.......'......#########...##.##..
.......####.......©.......##.#...


You could see a cyclops and grizmgrazm2's ghost (toxic aura).

Vanquished Creatures
  Sigmund (D:5)
  A steam dragon (D:6)
  Menkaure (D:4)
  A water moccasin (D:6)
  3 ice beasts
  An ogre (D:6)
  A kobold brigand (D:6)
  2 necrophages (D:6)
  3 scorpions
  2 howler monkeys (D:5)
  2 hounds
  3 orc priests
  Ijyb (D:3)
  3 iguanas
  5 orc wizards
  Robin (D:3)
  3 gnolls (D:4)
  2 river rats (D:3)
  12 adders
  A white imp (D:6)
  A dart slug (D:2)
  A worm (D:3)
  48 orcs
  8 ball pythons
  5 bats
  6 endoplasms
  21 goblins
  12 hobgoblins
  7 jackals
  A quokka (D:4)
  2 frilled lizards
  26 kobolds
  12 rats
199 creatures vanquished.

Vanquished Creatures (others)
  2 fungi (D:3)
  9 plants
11 creatures vanquished.

Grand Total: 210 creatures vanquished

Notes
Turn   | Place    | Note
-------+----------+-------------------------------------------
     0 | D:1      | Locuples the Minotaur Berserker began the quest for the
                  | Orb.
     0 | D:1      | Reached XP level 1. HP: 19/19 MP: 0/0
    91 | D:1      | Found a faded altar of an unknown god.
   475 | D:1      | Reached skill level 4 in Long Blades
   479 | D:1      | Reached XP level 2. HP: 22/27 MP: 1/1
  1259 | D:2      | Reached XP level 3. HP: 14/34 MP: 2/2
  1576 | D:2      | Reached ** piety under Trog
  2190 | D:2      | Reached XP level 4. HP: 33/41 MP: 3/3
  2429 | D:2      | Reached skill level 5 in Long Blades
  2862 | D:3      | Noticed Robin
  2876 | D:3      | Killed Robin
  2883 | D:3      | Reached skill level 5 in Fighting
  2953 | D:3      | Reached *** piety under Trog
  3333 | D:3      | Noticed Ijyb
  3345 | D:3      | Killed Ijyb
  3346 | D:3      | Reached XP level 5. HP: 41/48 MP: 4/4
  3406 | D:3      | Reached skill level 6 in Long Blades
  4054 | D:3      | Reached XP level 6. HP: 55/56 MP: 5/5
  4424 | D:3      | Found a sacrificial altar of Ru.
  4947 | D:4      | Noticed Menkaure
  4953 | D:4      | Killed Menkaure
  4954 | D:4      | Reached skill level 7 in Long Blades
  5250 | D:4      | Reached **** piety under Trog
  5538 | D:4      | Reached XP level 7. HP: 62/62 MP: 6/6
  5642 | D:4      | Reached skill level 5 in Armour
  5741 | D:4      | Found Heohats's Assorted Antiques.
  5952 | D:5      | Entered Level 5 of the Dungeon
  6088 | D:5      | Reached ***** piety under Trog
  6089 | D:5      | Reached skill level 8 in Long Blades
  6248 | D:5      | Noticed Sigmund
  6257 | D:5      | Killed Sigmund
  6258 | D:5      | Reached XP level 8. HP: 71/71 MP: 7/7
  6362 | D:5      | Found a broken altar of Ashenzari.
  6965 | D:6      | Reached skill level 9 in Long Blades
  6971 | D:6      | Found a large runed translucent door.
  6976 | D:6      | Found a large runed translucent door.
  6991 | D:6      | Found a shimmering altar of Xom.
  7007 | D:6      | Found an ancient bone altar of Kikubaaqudgha.
  7377 | D:6      | Noticed a cyclops
  7539 | D:6      | Found a transporter.
  7539 | D:6      | Noticed grizmgrazm2's ghost (novice OgTm)
  7542 | D:6      | Found a transporter.
  7832 | D:6      | Reached skill level 10 in Long Blades
  8379 | D:6      | Found a staircase to the Ecumenical Temple.
  8730 | D:6      | Reached XP level 9. HP: 79/79 MP: 8/8
  8743 | D:6      | Slain by grizmgrazm2's ghost

Illustrated notes

Levels and vault maps discovered:
D:1:      minmay_arrival_wavy_path, layout_basic, basic_ecumenical_altar
D:2:      layout_basic, serial_glass, glass_columns_c, glass_columns_b,
          minmay_puff
D:3:      layout_loops_ring, nicolae_ru_the_path_less_chosen,
          lightli_sewer_entry_pipes, uniq_robin, uniq_ijyb
D:4:      corexii_shantytown, layout_basic, serial_shops,
          nicolae_lakefront_shop, uniq_menkaure
D:5:      layout_loops_ring, mainiacjoe_overflow_cross_hatched, uniq_sigmund
D:6:      layout_basic, jmf_multi_god_temple2,
          minmay_temple_entry_enclosed_plants, gammafunk_ghost_arena

Skill      XL: |  1  2  3  4  5  6  7  8 |
---------------+-------------------------+-----
Long Blades    | 4 5 6 7 8 10 | 10.5
Fighting       | 4 5 6 7 |  7.7
Armour         | 3 4 6 8 |  8.1
Dodging        | |  2.1

Action                   |  1- 3 |  4- 6 |  7- 9 || total
-------------------------+-------+-------+-------++-------
Melee: Falchion          |    94 |   203 |   198 ||   495
       Headbutt          |     8 |    34 |    38 ||    80
       Punch             |       |     3 |     4 ||     7
Invok: Berserk           |     1 |     8 |     9 ||    18
  Use: Potion            |       |     1 |     3 ||     4
       Scroll            |       |     3 |     4 ||     7
Armor: Animal skin       |    23 |       |       ||    23
       Leather armour    |     7 |    14 |       ||    21
       Ring mail         |       |    53 |    80 ||   133
Dodge: Dodged            |    85 |   136 |   113 ||   334

Table legend: (Time is in decaauts)
 A = Elapsed time spent in this place.
 B = Non-inter-level travel time spent in this place.
 C = Inter-level travel time spent in this place.
 D = Time resting spent in this place.
 E = Time spent auto-exploring this place.
 F = Levels seen in this place.
 G = Mean time per level.
                   A        B        C        D        E       F      G
               +--------+--------+--------+--------+--------+-----+--------+
         Total |   8904 |   8904 |      0 |   1002 |   6227 |   6 | 1484.0 |
       Dungeon |   8904 |   8904 |      0 |   1002 |   6227 |   6 | 1484.0 |
               +--------+--------+--------+--------+--------+-----+--------+

Top non-repeatable levels by time:
     D:6: 1830 daAuts
     D:3: 1828 daAuts
     D:2: 1523 daAuts
     D:4: 1519 daAuts
     D:1: 1211 daAuts
     D:5: 990 daAuts
